 Dungeon Crawl Stone Soup version 0.32-a0-484-g2eb335deba (webtiles) character file.

Game seed: 13505441060153016263

2395 screwdriver the Grappler (level 9, -8/68 HPs)
             Began as a Mummy Fighter on Feb 27, 2024.
             Was an Initiate of Yredelemnul.
             Killed by divine providence
             ... invoked by an orc priest
              (13 damage)
             ... on level 7 of the Dungeon.
             The game lasted 00:09:10 (6827 turns).

screwdriver the Grappler (Mummy Fighter)            Turns: 6827, Time: 00:09:10

Health: -8/68      AC: 13    Str: 24    XL:     9   Next: 22%
Magic:  12/12      EV: 23    Int:  7    God:    Yredelemnul [......]
Gold:   339        SH:  5    Dex: 11    Spells: 8/8 levels left

rFire   x .          .
                       - Unarmed
rCold   + . .        b - +0 buckler
rNeg    + + +        q - +0 chain mail
rPois   ∞            (no helmet)
rElec   .            c - +0 cloak
rCorr   .            (no gloves)
SInv    +            (no boots)
Will    +....        h - amulet of the acrobat Stlth
                     d - ring of see invisible
HPRegen 0.31/turn    g - +4 ring of protection
MPRegen 0.13/turn

%: acrobat, faith
@: about to teleport, acrobatic, wreathed by umbra
A: cold resistance 1, negative energy resistance 3, torment resistance 2, heat
vulnerability 1, in touch with death 1, no potions, faith
a: Renounce Religion, Light the Black Torch, Recall Undead Harvest


You were on level 7 of the Dungeon.
You worshipped Yredelemnul.
Yredelemnul was noncommittal.
You visited 2 branches of the dungeon, and saw 8 of its levels.
You also visited: Sewer.

You collected 339 gold pieces.

Inventory:

Missiles
 t - 2 throwing nets (quivered)
Armour
 b - a +0 buckler (worn)
 c - a +0 cloak (worn)
 q - a +0 chain mail (worn)
Jewellery
 d - a ring of see invisible (left hand)
 g - a +4 ring of protection (right hand)
 h - an amulet of the acrobat (around neck)
 u - a ring of fire
Wands
 v - a wand of flame (24)
Scrolls
 a - a scroll of vulnerability {unknown}
 f - a scroll of fog {unknown}
 i - 2 scrolls of poison {unknown}
 j - a scroll of immolation {unknown}
 k - 6 scrolls of identify {unknown}
 l - 3 scrolls of fear {unknown}
 n - 2 scrolls of silence {unknown}
 o - 2 scrolls of enchant weapon {unknown}
 p - 2 scrolls of amnesia {unknown}
 r - a scroll of noise {unknown}
 s - a scroll of brand weapon {unknown}


   Skills:
 + Level 5.4 Fighting
 - Level 2.4 Armour
 + Level 4.5 Shields
 * Level 8.1 Unarmed Combat
 + Level 4.0 Invocations


You had 8 spell levels left.
You didn't know any spells.
Your spell library contained the following spells:

 Spells                   Type           Power      Damage    Failure   Level
 Fugue of the Fallen      Necr           0%         N/A       100%        3
 Ozocubu's Armour         Ice            0%         N/A       100%        3
 Manifold Assault         Tloc           0%         N/A       100%        4


Dungeon Overview and Level Annotations

Branches:
Dungeon (7/15)             Temple (1/1) D:5           Sewer (visited)

Altars:
Ashenzari
Cheibriados
Dithmenos
Fedhas
Gozag
Kikubaaqudgha
Makhleb
Okawaru
Qazlal
Ru
Sif Muna
Trog
Uskayaw
Vehumet
Wu Jian
Xom
Yredelemnul

Portals:
Abyss: D:5

Annotations:
D:2 1 runed translucent door, Crazy Yiuf
D:5 2 transporters, hackum's ghost, amateur DgHu
D:7 Dowan; Duvessa


Innate Abilities, Weirdness & Mutations

You are immune to poison.
Your flesh is cold resistant. (rC+)
You are immune to negative energy. (rN+++)
You are immune to unholy pain and torment.
You are vulnerable to heat. (rF-)
You are in touch with the powers of death.
You do not drink.
You have a special connection with the divine. (Faith)


Message History

The shadow imp hits you but does no damage.
The orc priest casts a cantrip, but nothing happens.
The orc priest invokes the aid of Beogh against you.
Beogh smites you! The wyvern barely misses you.
Your bullfrog zombie hits the shadow imp but does no damage.
You hit the orc priest.
The orc priest is moderately wounded.
The shadow imp hits you.
* * * LOW HITPOINT WARNING * * *
The orc priest mumbles some strange prayers to Beogh against you.
Beogh smites you!
* * * LOW HITPOINT WARNING * * *
The wyvern bites you.
* * * LOW HITPOINT WARNING * * *
The orc priest begins to cast a cantrip, but forgets the words!
The orc priest calls upon Beogh to heal the orc priest.
The orc priest's wounds heal themselves!
Your bullfrog zombie hits the shadow imp.
Unknown command.
Blink to where?
Press: ? - help, Q - select action, (/) - cycle Dir - move target
As you read the scroll of blinking {@r4}, it crumbles to dust.
The wyvern barely misses something.
The shadow imp barely misses something.
The orc priest casts a cantrip, but nothing happens.
As you read the scroll of teleportation {@r3}, it crumbles to dust.
You feel strangely unstable.
The orc priest looks satisfied for a moment.
Your bullfrog zombie barely misses the orc priest.
Something bites your bullfrog zombie.
The shadow imp hits your bullfrog zombie.
Something bites your bullfrog zombie.
Your bullfrog zombie hits the orc priest.
Something bites your bullfrog zombie!
Your bullfrog zombie hits the orc priest.
The shadow imp hits your bullfrog zombie.
The orc priest looks braver for a moment.
The orc priest mumbles some strange prayers to Beogh against you.
Beogh smites you!
You die...
You join the legions of the undead harvest.

#.....# #.....#...# #.....#
#.....#...# #.....#
#.....#...# ...o.#.....#
#.....'...# ...o.#.....#
#.....#...# ....o#.....#
#.....#...# .....#)....#
#.....#...#
.....#...5Z######.....#...#
.....#...oo.....@.....#...#
.....#.....o.####+#####...#
.....'.......# ...#
5..Z.#.......#
.....#.......#
.....#.......'...
.....#.......#...
.....#......^#.⌠..
.....#.......# ...


You could see 3 orc priests, a shadow imp (distracted, ally target) and a
friendly bullfrog zombie.

Vanquished Creatures
  Pikel (D:7)
  Grinder (D:3)
  A water moccasin (D:6)
  A black bear (D:5)
  2 ice beasts (D:5)
  An ogre (D:6)
  2 phantoms (D:4)
  A lemure (D:7)
  4 bullfrogs
  2 scorpions
  2 howler monkeys (D:7)
  A bombardier beetle (D:3)
  2 hounds
  A jelly (D:5)
  Terence (D:3)
  An iguana (D:5)
  2 orc wizards (D:6)
  Natasha (thrice) (D:1)
  6 gnolls
  6 adders
  2 river rats (D:5)
  A white imp (D:5)
  7 dart slugs
  3 ribbon worms
  8 orcs
  10 ball pythons
  8 endoplasms
  15 giant cockroaches
  4 goblins
  8 hobgoblins
  8 jackals
  2 quokkas
  5 bats
  12 frilled lizards
  6 kobolds
  6 rats
146 creatures vanquished.

Vanquished Creatures (collateral kills)
  An ogre (D:6)
  A howler monkey (D:7)
  An orc (D:7)
3 creatures vanquished.

Vanquished Creatures (others)
  A kobold zombie (D:7)
  2 howler monkey zombies (D:7)
  An orc zombie (D:7)
4 creatures vanquished.

Grand Total: 153 creatures vanquished

Notes
Turn   | Place    | Note
-------+----------+-------------------------------------------
     0 | D:1      | screwdriver the Mummy Fighter began the quest for the Orb.
     0 | D:1      | Reached XP level 1. HP: 18/18 MP: 1/1
     3 | D:1      | Noticed an electric eel
     4 | D:1      | Noticed an electric eel
    74 | D:1      | Reached skill level 2 in Unarmed Combat
   300 | D:1      | Reached XP level 2. HP: 24/24 MP: 2/2
   616 | D:1      | Reached XP level 3. HP: 29/29 MP: 3/3
   656 | D:1      | Found a faded altar of an unknown god.
   931 | D:2      | Noticed Natasha
   948 | D:1      | Killed Natasha
   949 | D:1      | Reached skill level 3 in Unarmed Combat
  1069 | D:1      | Noticed Natasha
  1088 | D:1      | HP: 1/29 [Natasha/magic dart (7)]
  1089 | D:1      | Killed Natasha
  1090 | D:1      | Reached XP level 4. HP: 2/35 MP: 4/4
  1535 | D:1      | Noticed Natasha
  1554 | D:1      | Killed Natasha
  1555 | D:1      | Reached skill level 4 in Unarmed Combat
  2049 | D:1      | Found a faded altar of an unknown god.
  2555 | D:2      | Reached XP level 5. HP: 38/41 MP: 5/5
  2691 | D:2      | Found a runed translucent door.
  2692 | D:2      | Noticed Crazy Yiuf
  2767 | D:3      | Noticed Grinder
  2812 | D:3      | Found a broken altar of Ashenzari.
  3043 | D:3      | Reached skill level 5 in Unarmed Combat
  3048 | D:3      | Paralysed by Grinder for 2 turns
  3062 | D:3      | Noticed Terence
  3070 | D:3      | Killed Grinder
  3071 | D:3      | Reached skill level 6 in Unarmed Combat
  3071 | D:3      | Reached XP level 6. HP: 34/47 MP: 6/6
  3085 | D:3      | Killed Terence
  3216 | D:3      | Found an opulent altar of Gozag.
  3376 | D:4      | Reached XP level 7. HP: 43/52 MP: 7/7
  3445 | D:4      | Reached skill level 1 in Invocations
  3581 | D:4      | Found a hide-covered altar of Uskayaw.
  4094 | D:4      | Found an ornate altar of the Wu Jian Council.
  4227 | D:5      | Entered Level 5 of the Dungeon
  4458 | D:5      | Found a one-way gate to the infinite horrors of the Abyss.
  4458 | D:5      | Noticed hackum's ghost (amateur DgHu)
  4568 | D:5      | Found a glowing drain.
  4590 | Sewer    | Entered a sewer
  4652 | Sewer    | Reached XP level 8. HP: 57/60 MP: 9/9
  4844 | Sewer    | Reached skill level 7 in Unarmed Combat
  5332 | D:5      | Found a transporter.
  5341 | D:5      | Found a transporter.
  5430 | D:5      | Found a sacrificial altar of Ru.
  5571 | D:5      | Found a staircase to the Ecumenical Temple.
  5693 | Temple   | Entered the Ecumenical Temple
  5699 | Temple   | Became a worshipper of Yredelemnul the Fallen
  6071 | D:6      | Found a burning altar of Makhleb.
  6243 | D:6      | Identified the +9 hand axe of Isimm {drain, rElec rC+
                  | Dex+3}
  6414 | D:7      | Reached skill level 5 in Fighting
  6414 | D:7      | Noticed Pikel
  6432 | D:7      | Killed Pikel
  6433 | D:7      | Reached skill level 8 in Unarmed Combat
  6433 | D:7      | Reached XP level 9. HP: 40/68 MP: 11/11
  6440 | D:7      | Noticed Duvessa
  6440 | D:7      | Noticed Dowan
  6490 | D:7      | Your ally Pikel died
  6822 | D:7      | HP: 3/68 [wyvern (5)]
  6827 | D:7      | Killed from afar by an orc priest

Illustrated notes

Levels and vault maps discovered:
D:1:      arrival_aquarium_b, layout_loops_corners, basic_ecumenical_altar
D:2:      layout_rooms, uniq_crazy_yiuf_cottage, uniq_natasha
D:3:      layout_rooms, lemuel_crystal_altar, evilmike_ruin_ashenzari,
          uniq_grinder, uniq_terence
D:4:      layout_gridville, nicolae_uskayaw_murder_on_the_dancefloor,
          nicolae_wu_jian_immortal_techniques
D:5:      layout_loops_ring, general_overflow_altar,
          minmay_temple_entry_glassed_door, portal_sewer_entry_e,
          gammafunk_ghost_abyssal_escape
D:6:      layout_rooms, mainiacjoe_overflow_alcove_2, mainiacjoe_overflow_paths
D:7:      layout_gridville, nemelex_xobeh_ov_fountains_minmay,
          minmay_fountain_box, uniq_duvessa, uniq_pikel
Temple:   hellmonk_temple_two_chambers

Skill      XL: |  1  2  3  4  5  6  7  8  9 |
---------------+----------------------------+-----
Unarmed Combat | 2 3 4 6 8 |  8.1
Invocations    | 2 3 4 |  4.0
Shields        | 3 4 |  4.5
Fighting       | 4 5 |  5.4
Armour         | |  2.4

Action                     |  1- 3 |  4- 6 |  7- 9 || total
---------------------------+-------+-------+-------++-------
  Melee: Unarmed           |   114 |   197 |   368 ||   679
 Invoke: Light the Black T |       |       |     2 ||     2
    Use: Scroll            |       |       |     4 ||     4
 Armour: Scale mail        |    59 |   104 |     9 ||   172
         Chain mail        |       |       |   267 ||   267
  Dodge: Dodged            |    42 |    85 |   196 ||   323
  Block: Buckler           |    14 |    25 |    60 ||    99

Table legend: (Time is in decaauts)
 A = Elapsed time spent in this place.
 B = Non-inter-level travel time spent in this place.
 C = Inter-level travel time spent in this place.
 D = Time resting spent in this place.
 E = Time spent auto-exploring this place.
 F = Levels seen in this place.
 G = Mean time per level.
                   A        B        C        D        E       F      G
               +--------+--------+--------+--------+--------+-----+--------+
         Total |   6884 |   6563 |    321 |    791 |   4537 |   9 |  764.9 |
       Dungeon |   6183 |   5874 |    309 |    676 |   4226 |   7 |  883.3 |
        Temple |     12 |      1 |     11 |      0 |      0 |   1 |   12.0 |
         Sewer |    688 |    688 |      0 |    115 |    311 |   1 |  688.0 |
               +--------+--------+--------+--------+--------+-----+--------+

Top non-repeatable levels by time:
     D:1: 2147 daAuts
     D:5: 891 daAuts
     D:4: 881 daAuts
   Sewer: 688 daAuts
     D:6: 629 daAuts
     D:2: 613 daAuts
     D:3: 580 daAuts
     D:7: 439 daAuts
  Temple: 12 daAuts
